 Dungeon Sprint DCSS version 0.31-a0-986-g5e6e4ef867 (webtiles) character file.

Game seed: 14530662353866086605

1857 fozzywoppz the Basher (level 8, 0/86 HPs)
             Began as a Minotaur Fighter on Nov 9, 2023.
             Was a Follower of Qazlal.
             Slain by a tentacle (22 damage)
             ... attached to a kraken
             ... in the Dungeon (Sprint II: "The Violet Keep of Menkaure").
             The game lasted 00:03:22 (466 turns).

fozzywoppz the Basher (Minotaur Fighter)             Turns: 466, Time: 00:03:23

Health: 0/86       AC:  8    Str: 21    XL:     8   Next: 89%
Magic:  9/11       EV: 12    Int:  5    God:    Qazlal [*.....]
Gold:   810        SH:  7    Dex: 12    Spells: 7/7 levels left

rFire   . . .        a - +0 flail
rCold   . . .        c - +0 buckler
rNeg    . . .        b - +0 scale mail
rPois   .            (helmet restricted)
rElec   .            (no cloak)
rCorr   .            (no gloves)
SInv    .            (no boots)
Will    .....        (no amulet) Stlth
                     (no ring)
HPRegen 0.34/turn    (no ring)
MPRegen 0.12/turn

%: no teleportation
@: mighty, very slow
A: horns 2, retaliatory headbutt
a: Renounce Religion


You were in the Dungeon.
You worshipped Qazlal.
Qazlal was aware of your devotion.
You visited 1 branch You collected 810 gold pieces.

Inventory:

Hand Weapons
 a - a +0 flail (weapon)
Armour
 b - a +0 scale mail (worn)
 c - a +0 buckler (worn)
Scrolls
 j - a scroll of blinking
Potions
 e - a potion of curing
 f - a potion of heal wounds
 g - a potion of haste
 h - 2 potions of magic


   Skills:
 + Level 13.2 Fighting
 - Level 14.0 Maces & Flails
 + Level 9.9 Armour
 + Level 8.1 Dodging
 - Level 5.0 Shields
 + Level 5.3 Invocations


You had 7 spell levels left.
You didn't know any spells.
Your spell library was empty.

Dungeon Overview and Level Annotations

Branches:
Dungeon (1/1)

Altars:
Cheibriados
Dithmenos
Elyvilon
Fedhas
Gozag
Hepliaklqana
Kikubaaqudgha
Makhleb
Nemelex Xobeh
Okawaru
Qazlal
Ru
Sif Muna
Trog
Uskayaw
Vehumet
Wu Jian
Xom
Yredelemnul
Zin
The Shining One
Jiyva
Lugonu

Shops:
D =(!?=[[[[[

Annotations:
D exclusions: ice statue and obsidian statue


Innate Abilities, Weirdness & Mutations

You have a pair of horns on your head.
You reflexively headbutt those who attack you in melee.


Message History

The polar bear claws you but does no damage.
The polar bear closely misses you.
You sock the polar bear!
The polar bear is heavily wounded.
You bludgeon the polar bear!!
You kill the polar bear!
Qazlal accepts your kill.
You sock the yaktaur! You headbutt the yaktaur!
The yaktaur is severely wounded.
The yaktaur unwields a +0 arbalest.
The yaktaur misses you.
You sock the yaktaur!
You kill the yaktaur!
Qazlal accepts your kill.
Your Fighting skill increases to level 13!
Your Dodging skill increases to level 8!
Your Invocations skill increases to level 5!
You now have 810 gold pieces (gained 81).
There is an open door, spattered with blood here.
You see here a +0 arbalest.
Unknown command.
You enter the shallow water.
Moving in this stuff is going to be slow.
You enter the shallow water.
Moving in this stuff is going to be slow.
Found 14 gold pieces.
Found ten items.
Found a sedimented amethyst potion, a book of Chaos and a clear potion.
Found a scroll labelled CETTUM ZINKOON and a scroll labelled GACVOPTIASM.
A kraken comes into view.
Tentacles burst out of the water!
A tentacle comes into view.
You sock the tentacle!
The tentacle is lightly wounded.
The tentacle slaps you.
You barely miss the tentacle. You headbutt the tentacle!
The tentacle is moderately wounded.
The tentacle slaps you!!
* * * LOW HITPOINT WARNING * * *
The tentacle slaps you!!
You die...

#^ ## +.### ○▓$!=?([!?▓▓
.# ...####▓!?$!$!!?▓▓ .##
#.^##.#▓))($)!!$▓▓ ..#
+..#..#▓$?$!()!)▓▓ ..#
#^.#..#▓$"$:$)):▓▓
..####.^##.#▓?(=?)$$$▓▓
....###...##▓▓▓▓▓▓▓+▓▓▓▓+
......~~~~~~~~~~@w~───Xw≈
~§....~#)########+###.ww≈
~§~~..~#..._._._#S§~## ≈
~§~~~.~#_._._._.#§~≈≈##
§≈~~~~~#._._._._#§§~~≈#
§≈≈≈~~~#_._._._.#~~§≈§§
≈§≈≈§§~#._._._..#§~~§§§
≈§###≈≈#_._._...#~~§§≈~
#≈≈#._._....#§§≈≈≈≈


You could see a kraken, 4 tentacles and a water moccasin.

Vanquished Creatures
  A merfolk siren (D)
  A yaktaur (D)
  A hornet (D)
  3 polar bears (D)
  2 wyverns (D)
  Menkaure (D)
  A water moccasin (D)
  3 worms (D)
13 creatures vanquished.

Notes
Turn   | Place    | Note
-------+----------+-------------------------------------------
     0 | D        | fozzywoppz the Minotaur Fighter began the quest for the
                  | Orb.
     0 | D        | Reached XP level 1. HP: 19/19 MP: 0/0
     9 | D        | Reached skill level 3 in Maces & Flails
    87 | D        | Noticed a water moccasin
    90 | D        | Reached XP level 2. HP: 28/28 MP: 1/1
    98 | D        | Noticed a merfolk siren
   109 | D        | Killed a merfolk siren
   110 | D        | Reached skill level 10 in Fighting
   110 | D        | Reached skill level 11 in Maces & Flails
   110 | D        | Reached skill level 5 in Shields
   110 | D        | Reached XP level 3. HP: 34/45 MP: 2/2
   110 | D        | Reached XP level 4. HP: 38/51 MP: 3/3
   110 | D        | Reached XP level 5. HP: 44/58 MP: 4/4
   110 | D        | Reached XP level 6. HP: 50/66 MP: 5/5
   213 | D        | Noticed a wyvern
   213 | D        | Noticed a wyvern
   220 | D        | Noticed an ice statue
   221 | D        | Noticed Menkaure
   226 | D        | Killed Menkaure
   227 | D        | Reached skill level 13 in Maces & Flails
   227 | D        | Found Woysaxoy's Antique Armour Shoppe.
   227 | D        | Found Gilojath's Armour Emporium.
   259 | D        | Killed a wyvern
   260 | D        | Reached XP level 7. HP: 62/73 MP: 6/6
   264 | D        | Killed a wyvern
   265 | D        | Reached skill level 14 in Maces & Flails
   269 | D        | Found Byeph's Antique Armour Emporium.
   269 | D        | Found Rucazouz's Magic Scroll Shoppe.
   269 | D        | Found Fefycoot's Antique Armour Shoppe.
   269 | D        | Found Masuexe's Armour Shoppe.
   270 | D        | Found Osaode's Jewellery Emporium.
   270 | D        | Found Zoxujy's Distillery.
   271 | D        | Found Myfutarops's Antique Weapon Shoppe.
   271 | D        | Found Setaus's Jewellery Emporium.
   293 | D        | Found a glowing golden altar of the Shining One.
   293 | D        | Found an ornate altar of the Wu Jian Council.
   294 | D        | Found a shimmering altar of Xom.
   294 | D        | Found a sacrificial altar of Ru.
   295 | D        | Found a basalt altar of Yredelemnul.
   295 | D        | Found a shimmering blue altar of Sif Muna.
   295 | D        | Found a stormy altar of Qazlal.
   295 | D        | Found a viscous altar of Jiyva.
   296 | D        | Found a glowing silver altar of Zin.
   296 | D        | Found a bloodstained altar of Trog.
   296 | D        | Found an ancient bone altar of Kikubaaqudgha.
   297 | D        | Found a hide-covered altar of Uskayaw.
   297 | D        | Found a corrupted altar of Lugonu.
   297 | D        | Found a shadowy altar of Dithmenos.
   298 | D        | Found a radiant altar of Vehumet.
   298 | D        | Found a burning altar of Makhleb.
   298 | D        | Found a white marble altar of Elyvilon.
   299 | D        | Found a sparkling altar of Nemelex Xobeh.
   299 | D        | Found a blossoming altar of Fedhas.
   300 | D        | Found an iron altar of Okawaru.
   300 | D        | Found an opulent altar of Gozag.
   307 | D        | Reached skill level 5 in Dodging
   310 | D        | Found a hazy altar of Hepliaklqana.
   310 | D        | Found a snail-covered altar of Cheibriados.
   319 | D        | Noticed an obsidian statue
   372 | D        | Became a worshipper of Qazlal Stormbringer
   377 | D        | Noticed a polar bear
   377 | D        | Noticed a polar bear
   378 | D        | Noticed a polar bear
   378 | D        | Noticed a yaktaur
   381 | D        | Noticed a hornet
   395 | D        | Noticed a flying skull
   395 | D        | Noticed a flying skull
   434 | D        | Killed a polar bear
   435 | D        | Reached XP level 8. HP: 63/83 MP: 6/8
   440 | D        | Killed a polar bear
   442 | D        | Killed a hornet
   442 | D        | Reached * piety under Qazlal
   445 | D        | Killed a polar bear
   447 | D        | Killed a yaktaur
   448 | D        | Reached skill level 5 in Invocations
   462 | D        | Noticed a kraken
   466 | D        | Slain by a tentacle

Illustrated notes

Levels and vault maps discovered:
D:        the_violet_keep_of_menkaure [sprint2_stairs_cluster_1,
          sprint2_shoproom, sprint2_temple, sprint2_basic_supplies,
          sprint2_obstacle_5, sprint2_obstacle_3, sprint2_obstacle_2,
          sprint2_obstacle_7, sprint2_obstacle_4, sprint2_timed_cluster_1,
          sprint2_smallroom_cluster_1, sprint2_smallroom_final_cluster_1,
          sprint2_transparent_cluster_1, sprint2_second_timed_cluster_1,
          sprint2_sniper_area_1, sprint2_heavy_combat_area_1,
          sprint2_mutation_trap_area_1, sprint2_forest_area_1,
          sprint2_light_combat_area_1, sprint2_behind_water_1,
          sprint2_near_end_vault_1]

Skill      XL: |  1  2  3  4  5  6  7  8 |
---------------+-------------------------+-----
Fighting       | 4 10 11 13 | 13.2
Maces & Flails | 3 11 13 14 | 14.0
Armour         | 4 7 9 |  9.9
Shields        | 4 5 |  5.0
Dodging        | 3 6 8 |  8.1
Invocations    | 2 5 |  5.3

Action                     |  1- 3 |  4- 6 |  7- 9 || total
---------------------------+-------+-------+-------++-------
  Melee: Flail             |    15 |     9 |    30 ||    54
         Headbutt          |     4 |     2 |     8 ||    14
    Use: Potion            |     1 |       |     1 ||     2
 Armour: Scale mail        |     6 |     1 |    27 ||    34
  Dodge: Dodged            |     3 |     5 |    24 ||    32
  Block: Buckler           |     3 |     2 |    11 ||    16

Table legend: (Time is in decaauts)
 A = Elapsed time spent in this place.
 B = Non-inter-level travel time spent in this place.
 C = Inter-level travel time spent in this place.
 D = Time resting spent in this place.
 E = Time spent auto-exploring this place.
 F = Levels seen in this place.
 G = Mean time per level.
                   A        B        C        D        E       F      G
               +--------+--------+--------+--------+--------+-----+--------+
         Total |    481 |    481 |      0 |    232 |      0 |   1 |  481.0 |
       Dungeon |    481 |    481 |      0 |    232 |      0 |   1 |  481.0 |
               +--------+--------+--------+--------+--------+-----+--------+

Top non-repeatable levels by time:
       D: 481 daAuts
